 Dungeon Crawl Stone Soup version 0.20-a0-738-gb057e68 (webtiles) character file.

52 Laan the Cudgeler (level 3, -3/48 HPs)
             Began as a Naga Skald on Feb 24, 2017.
             Slain by Natasha (8 damage)
             ... on level 2 of the Dungeon.
             The game lasted 00:03:42 (1305 turns).

Laan the Cudgeler (Naga Skald)                      Turns: 1305, Time: 00:03:42

Health: -3/48      AC:  2    Str: 18    XL:     3   Next: 85%
Magic:  7/7        EV:  9    Int: 14    God:
Gold:   34         SH:  0    Dex: 10    Spells: 6/7 levels left

rFire    . . .     SeeInvis +   m - +2 whip (venom)
rCold    . . .     Gourm    .   b - +0 leather armour
rNeg     . . .     Faith    .   (no shield)
rPois    +         Spirit   .   l - +0 hat
rElec    .         Reflect  .   (no cloak)
rCorr    .         Harm     .   (no gloves)
MR       .....                  (no barding)
Stlth    ..........             (no amulet)
Regen    0.2/turn               (no ring)
MPRegen  0.1/turn               (no ring)

@: berserking, short of breath, very slightly contaminated, quick
A: see invisible, deformed body, poison resistance, slowness 2, slow metabolism
1, spit poison 1, AC +1
a: Spit Poison


You were on level 2 of the Dungeon.
You were hungry.

You visited 1 branch of the dungeon, and saw 2 of its levels.

You collected 34 gold pieces.

Inventory:

Hand Weapons
 a - a +0 mace
 m - a +2 whip of venom (weapon)
Armour
 b - a +0 leather armour (worn)
 l - a +0 hat (worn)
Scrolls
 g - a scroll of fear {unknown}
 i - a scroll of teleportation {unknown}
 j - a scroll of remove curse {unknown}
Potions
 f - a potion of curing {unknown}
 h - a potion of heal wounds {unknown}
Books
 c - a book of Battle

   Spells                             Type                      Level
   a - Infusion                       Charms                       1
   b - Shroud of Golubria             Charms/Translocation         2
   c - Song of Slaying                Charms                       2
   d - Spectral Weapon                Hexes/Charms                 3
   e - Regeneration                   Charms/Necromancy            3
Comestibles
 d - a bread ration


   Skills:
 - Level 2.0 Fighting
 * Level 3.4 Maces & Flails
 - Level 0.7 Armour
 - Level 1.5 Dodging
 + Level 2.6 Spellcasting
 - Level 3.0 Charms


You had 6 spell levels left.
You knew the following spells:

 Your Spells              Type           Power        Failure   Level  Hunger
a - Infusion              Chrm           ##..         10%         1    #......


Dungeon Overview and Level Annotations

Branches:
Dungeon (2/15)

Altars:

Annotations:
D:2 Natasha


Innate Abilities, Weirdness & Mutations

You cannot wear boots.
Your serpentine skin is tough. (AC +1)
You have supernaturally acute eyesight. (SInv)
Armour fits poorly on your strangely shaped body.
Your system is resistant to poisons. (rPois)
You cover ground very slowly.
You have a slow metabolism.
You can spit poison.


Message History

You feel slightly more hungry. Natasha claws you.
* * * LOW HITPOINT WARNING * * *
It was a potion of berserk rage.
A red film seems to cover your vision as you go berserk!
You feel yourself moving faster!
You feel mighty!
Natasha mumbles some strange words.
You barely miss Natasha.
Natasha is lightly wounded.
Natasha claws you but does no damage.
You hit Natasha.
Natasha is poisoned.
Natasha is heavily wounded.
You hit Natasha.
Natasha is severely wounded.
Natasha casts a spell at you. The magic dart hits you!
* * * LOW HITPOINT WARNING * * *
You barely miss Natasha.
Natasha is almost dead.
Natasha claws you!
You die...

#......######
###.###.....#
..(# #.....#
##### #.....#
.#######.....#
.............#
.?#####.##.###
####.##.####
#...@......#
#.##h#####.#
..##...5...##.#
#...............
#%........#.##.#
######.#.##.#
#.... . ###### #


You could see Natasha and a crimson imp.

Vanquished Creatures
  Natasha (D:2)
  A worm (D:2)
  A leopard gecko (D:1)
  A giant cockroach (D:1)
  4 goblins (D:1)
  2 hobgoblins (D:1)
  3 kobolds
  5 bats (D:1)
  A frilled lizard (D:1)
  5 rats (D:1)
24 creatures vanquished.

Notes
Turn   | Place    | Note
-------+----------+-------------------------------------------
     0 | D:1      | Laan the Naga Skald began the quest for the Orb.
     0 | D:1      | Reached XP level 1. HP: 19/19 MP: 3/3
    86 | D:1      | Reached XP level 2. HP: 10/26 MP: 5/5
  1018 | D:2      | Reached XP level 3. HP: 18/32 MP: 6/6
  1204 | D:2      | Noticed Natasha
  1210 | D:2      | HP: 1/32 [Natasha (5)]
  1211 | D:2      | Killed Natasha
  1297 | D:2      | Noticed Natasha
  1305 | D:2      | Slain by Natasha

Vault maps used:
D:1:      elethiomel_arrival_diamonds, serial_bayou_pond_c
D:2:      minmay_pentomino_w4, uniq_natasha, uniq_iyjb, uniq_jessica

Skill      XL: |  1  2 |
---------------+-------+-----
Maces & Flails | 3 |  3.4
Fighting       | |  2.0
Armour         | |  0.7
Dodging        | |  1.5
Spellcasting   | |  2.6
Charms         | |  3.0

Action                   || total
-------------------------++-------
Melee: Mace              ||    75
       Whip              ||    18
 Abil: Spit Poison       ||     1
  Use: Potion            ||     2
Armor: Leather armour    ||    47
Dodge: Dodged            ||    79
